 Dungeon Crawl Stone Soup version 0.31-a0-232-gb1c03b2570 (webtiles) character file.

Game seed: 14894813206697373595

39 qw the Shooter (level 3, -1/21 HPs)
             Began as a Gargoyle Hexslinger on July 7, 2023.
             Slain by a kobold
             ... wielding a +0 whip
              (5 damage)
             ... on level 2 of the Dungeon.
             The game lasted 00:00:17 (813 turns).

qw the Shooter (Gargoyle Hexslinger)                 Turns: 813, Time: 00:00:18

Health: -1/21      AC:  6    Str: 11    XL:     3   Next: 45%
Magic:  4/4        EV: 11    Int: 13    God:
Gold:   63         SH:  0    Dex: 14    Spells: 3/4 levels left

rFire   . . .        Y - +2 sling
rCold   . . .        (no shield)
rNeg    + . .        d - +0 leather armour
rPois   inf          (no helmet)
rElec   +            (no cloak)
rCorr   .            (no gloves)
SInv    .            (no boots)
Will    .....        (no amulet)
Stlth   +            (no ring)
HPRegen 0.23/turn    (no ring)
MPRegen 0.09/turn

%: no passive effects
@: no status effects
A: sickness immunity, AC +3, negative energy resistance 1, electricity
resistance, torment resistance 1, petrification resistance
a: no special abilities


You were on level 2 of the Dungeon.
You visited 1 branch of the dungeon, and saw 2 of its levels.

You collected 63 gold pieces.


Innate Abilities, Weirdness & Mutations

You are immune to sickness and miasma.
Your stone body is resilient. (AC +3)
You are immune to poison.
You resist negative energy. (rN+)
You are resistant to electric shocks. (rElec)
You are resistant to unholy torment.
You are immune to petrification.


   Skills:
 - Level 2.1 Fighting
 + Level 3.3 Ranged Weapons
 - Level 1.5 Dodging
 - Level 1.0 Spellcasting
 - Level 2.6 Hexes


You had 3 spell levels left.
You knew the following spells:

 Your Spells              Type           Power      Damage    Failure   Level
a - Slow                  Hex            28%        N/A       12%         1

Your spell library contained the following spells:

 Spells                   Type           Power      Damage    Failure   Level
 Inner Flame              Hex/Fire       4%         N/A       54%         3
 Portal Projectile        Hex/Tloc       8%         N/A       54%         3
 Cause Fear               Hex            3%         N/A       77%         4

Inventory:

Hand Weapons
 Y - a +2 sling (weapon)
Armour
 d - a +0 leather armour (worn)
Potions
 a - a potion of berserk rage {unknown}
 b - a potion of mutation {unknown}
 e - a potion of haste {unknown}

Dungeon Overview and Level Annotations

Branches:
Dungeon (2/15)

Altars:


Message History

The ball python bites you but does no damage.
The ball python grabs you. The ball python constricts you.
The adder bites you but does no damage.
You shoot a sling bullet. The sling bullet hits the ball python!
You kill the ball python!
A kobold comes into view. It is wielding a +0 whip.
The adder completely misses you.
You shoot a sling bullet. The sling bullet hits the adder!
You kill the adder!
A worm comes into view.
You shoot a sling bullet. The sling bullet hits the worm.
The worm is lightly wounded.
The kobold hits you but does no damage. The worm barely misses you.
The kobold hits you but does no damage.
You shoot a sling bullet. The sling bullet hits the worm.
The worm is moderately wounded.
The kobold hits you but does no damage. The worm bites you!
You shoot a sling bullet.
The sling bullet barely misses the worm.
The sling bullet hits the worm.
The worm is moderately wounded.
The kobold hits you but does no damage.
You shoot a sling bullet.
The sling bullet barely misses the worm.
The sling bullet hits the worm.
The worm is heavily wounded.
The kobold barely misses you. The worm bites you!
810 ||| DRINKING potion of heal wounds.
You feel much better. The kobold barely misses you.
The worm closely misses you. The worm bites you!
You shoot a sling bullet.
The sling bullet hits the worm but does no damage.
The worm is heavily wounded.
The kobold barely misses you. The worm bites you. The kobold barely misses you.
You shoot a sling bullet.
The sling bullet barely misses the worm.
The worm bites you but does no damage. The kobold barely misses you.
You shoot a sling bullet. The sling bullet hits the worm.
The worm is heavily wounded.
The worm bites you! The kobold hits you with a +0 whip.
You die...

#.......## #.#
###....... #.# .##
#.........# ##'## ...#
#.#.......###.%.## ....#
#.# .[... ##.....#
.....##.#...... #.......
.......w#...####........
^.....Kww......+........
#@# #........ ##.##
##....... #...# ##.....#
#...# ##...## #...# ##+#
##.## #.# #.#
#######.### #.#
#.........# #.#
#.#.......#


You could see 3 worms and a kobold.

Vanquished Creatures
  2 adders (D:2)
  2 ball pythons
  3 endoplasms
  A giant cockroach (D:1)
  3 goblins (D:1)
  3 hobgoblins (D:1)
  2 bats (D:1)
  A kobold (D:1)
  4 rats
21 creatures vanquished.

Notes
Turn   | Place    | Note
-------+----------+-------------------------------------------
     0 | D:1      | qw the Gargoyle Hexslinger began the quest for the Orb.
     0 | D:1      | Reached XP level 1. HP: 12/12 MP: 2/2
     0 | D:1      | 0 ||| qw: Version: 0.3-a-46-gb1f654a
     0 | D:1      | 0 ||| qw: Game counter: 2370
     0 | D:1      | 0 ||| qw: Melee chars always use a shield: true
     0 | D:1      | 0 ||| qw: God list: Okawaru
     0 | D:1      | 0 ||| qw: Allow faded altars: false
     0 | D:1      | 0 ||| qw: Do Orc after clearing Dungeon:15 true
     0 | D:1      | 0 ||| qw: Do second Lair branch before Depths: true
     0 | D:1      | 0 ||| qw: Lair rune preference: random
     0 | D:1      | 0 ||| qw: Goals: Normal
     0 | D:1      | 0 ||| PLANNING D:1-11
   120 | D:1      | Reached XP level 2. HP: 16/16 MP: 3/3
   279 | D:1      | Found a faded altar of an unknown god.
   312 | D:1      | Reached skill level 3 in Ranged Weapons
   622 | D:1      | 622 ||| UPGRADING to +0 leather armour.
   632 | D:1      | 632 ||| DROPPING +0 robe.
   633 | D:1      | 633 ||| READING scroll labelled BOXAUGGUCA.
   634 | D:1      | 634 ||| DRINKING 2 viscous white potions.
   635 | D:1      | 635 ||| DROPPING scroll of poison.
   681 | D:2      | Reached XP level 3. HP: 19/21 MP: 4/4
   809 | D:2      | HP: 2/21 [worm (9)]
   810 | D:2      | 810 ||| DRINKING potion of heal wounds.
   813 | D:2      | Slain by a kobold

Levels and vault maps discovered:
D:1:      dpeg_arrival_fog, layout_basic, hellmonk_ecumenical_altar_run_dry,
          item_on_display_a
D:2:      layout_loops_corners, kennysheep_small_spiral,
          hangedman_decor_slide_cut, st_stairs_7,
          amcnicky_mini_corridor_feature, nicolae_wormholes,
          uniq_crazy_yiuf_cottage, uniq_terence, uniq_sigmund

Skill      XL: |  1  2 |
---------------+-------+-----
Ranged Weapons | 3 |  3.3
Fighting       | 2 |  2.1
Dodging        | |  1.5
Spellcasting   | |  1.0
Hexes          | |  2.6

Action                     || total
---------------------------++-------
   Fire: Sling             ||    74
    Use: Potion            ||     2
         Scroll            ||     1
 Armour: Robe              ||     6
         Leather armour    ||     9
  Dodge: Dodged            ||    23

Table legend:
 A = Non-vault XP
 B = Vault XP
 C = Vault XP percentage of total XP
 D = Non-vault monster count
 E = Vault monster count
 F = Vault count percentage of total count
                 A         B        C        D         E       F
            +---------+---------+-------+---------+---------+-------
      Total |      56 |       0 |   0.0 |      21 |       0 |   0.0
            +---------+---------+-------+---------+---------+-------
        D:1 |      25 |       0 |   0.0 |      16 |       0 |   0.0
        D:2 |      31 |       0 |   0.0 |       5 |       0 |   0.0
            +---------+---------+-------+---------+---------+-------
